Map: Lost and Found LE

Players

Khalmanac

  • Race: Terran Terran
  • League: Diamond
  • Spawn Location: 7:00

tbobaggins - Winner!

  • Race: Zerg Zerg
  • League: Platinum
  • Spawn Location: 1:00

VOD

Have the link to the VOD?

Description

Terrible match between mates, but i won and thats all that matters

Time

  • Played on: June 28, 2018, 11 p.m.
  • Length: 25:56
Show
View Real Time Build Order
Export as new Build Order

Khalmanac Terran 

Build Orders: MMM Bio 

Get SALT Encoding   

  12  0:01  SCV  
  13  0:15  Supply Depot  
  13  0:17  SCV  
  14  0:25  Refinery  
  14  0:30  SCV  
  15  0:42  SCV  
  16  0:46  Barracks  
  16  0:54  SCV  
  17  1:16  SCV  
  18  1:33  Orbital Command  
  18  1:37  Reaper  
  19  1:48  Factory  
  19  2:05  SCV  
  20  2:18  Barracks Reactor  
  20  2:19  SCV  
  20  2:22  Refinery  
  21  2:28  Command Center  
  20  2:35  Factory Tech Lab  
  20  2:40  SCV  
  21  2:52  SCV  
  21  2:56  Marine  
  23  3:20  SCV  
  23  3:23  Supply Depot  
  23  3:32  SCV  
  24  3:34  Stimpack  
  24  3:35  Marine  
  24  3:36  Hellion x2  
  24  3:40  Orbital Command  
  29  3:49  SCV  
  29  3:52  Marine  
  29  3:54  Starport  
  31  4:02  SCV, Barracks  
  32  4:10  Marine  
  32  4:15  SCV, Liberator  
  32  4:16  Hellion x2  
  38  4:25  SCV  
  38  4:28  Marine  
  40  4:37  Hellion x2  
  47  4:44  SCV  
  47  4:45  SCV  
  49  4:47  Marine  
  49  4:50  Bunker  
  49  4:52  Barracks Reactor  
  50  4:55  Barracks  
  50  4:56  SCV  
  51  5:15  Marine  
  52  5:23  Medivac  
  54  5:29  Armory  
  54  5:35  Supply Depot  
  54  5:40  Combat Shield  
  54  5:41  SCV x2, Marine, Hellion x2  
  61  5:58  Supply Depot  
  61  6:16  Marine  
  61  6:18  Hellion x2  
  66  6:21  Barracks Reactor  
  66  6:22  Starport Reactor  
  58  6:50  SCV x2  
  58  6:52  Marine x3  
  59  6:58  Terran Vehicle Weapons Level 1  
  59  6:59  Concussive Shells  
  59  7:00  Engineering Bay  
  59  7:02  SCV  
  59  7:04  Engineering Bay  
  59  7:05  Hellbat  
  59  7:06  Hellbat  
  64  7:10  Supply Depot, SCV, Marine x2  
  64  7:11  Marauder  
  64  7:15  SCV  
  70  7:17  Medivac x2  
  74  7:27  Marine  
  74  7:28  Marine x2  
  77  7:30  SCV  
  77  7:31  SCV  
  77  7:32  Refinery  
  79  7:37  Engineering Bay  
  79  7:41  Supply Depot  
  79  7:42  Supply Depot, SCV  
  79  7:43  SCV  
  78  7:51  Siege Tank  
  78  7:56  SCV x2  
  83  7:58  Factory  
  83  8:00  Refinery  
  83  8:08  Terran Infantry Weapons Level 1  
  83  8:11  Supply Depot  
  83  8:15  SCV x2  
  83  8:19  Marine  
  85  8:20  Marine  
  85  8:21  Marine  
  85  8:23  Siege Tank  
  85  8:26  Terran Infantry Armor Level 1  
  91  8:30  SCV  
  92  8:35  Supply Depot  
  92  8:42  Factory Tech Lab  
  92  8:43  Command Center  
  92  9:06  Viking x2  
  96  9:15  Supply Depot  
  96  9:35  Viking  
  96  9:36  Viking  
  96  9:38  Supply Depot  
  99  9:40  Siege Tank  
  99  9:45  Siege Tank  
  101  10:07  Terran Vehicle Weapons Level 2  
  101  10:08  Terran Infantry Weapons Level 2  
  104  10:35  Planetary Fortress  
  103  10:47  Thor  
  103  10:49  Thor  
  110  11:00  SCV x2  
  110  11:03  Missile Turret  
  112  11:12  SCV x2  
  112  11:16  SCV  
  115  11:24  SCV x2  
  117  11:26  Marine  
  117  11:27  Marine  
  117  11:28  SCV  
  117  11:30  Thor  
  117  11:31  Thor  
  117  11:32  Supply Depot  
  132  11:33  Missile Turret  
  132  11:36  SCV  
  132  11:38  Infernal Pre-Igniter  
  133  11:40  SCV  
  132  11:53  SCV x2  
  132  11:54  Supply Depot  
  131  11:57  Missile Turret x2, SCV  
  132  12:05  SCV  
  133  12:09  Marine x5  
  133  12:10  Marine  
  139  12:17  Missile Turret  
  139  12:18  Missile Turret  
  139  12:20  Terran Infantry Armor Level 2  
  139  12:27  Marine x6  
  145  12:30  Refinery  
  145  12:32  Refinery, Thor  
  151  12:39  Missile Turret  
  151  12:44  Marine  
  151  12:45  Marine x3  
  148  13:28  Marine x2  
  145  13:43  Thor  
  150  13:48  SCV  
  150  14:01  SCV  
  150  14:18  Starport  
  150  14:19  Command Center  
  150  14:49  SCV  
  123  14:55  Marine  
  123  14:56  Marine  
  125  15:02  SCV  
  126  15:11  Marine x2  
  126  15:14  SCV  
  129  15:21  Marine x2  
  130  15:24  Starport Reactor  
  119  15:32  Marine  
  119  15:33  Marine  
  88  15:52  Marine x3  
  88  15:53  SCV x2  
  93  15:59  Planetary Fortress  
  93  16:04  Command Center  
  93  16:05  SCV x2  
  95  16:28  Liberator  
  95  16:29  Marine x3, Liberator  
  97  16:35  Ghost Academy  
  97  16:37  Ghost Academy  
  97  16:38  Barracks  
  97  16:45  Barracks  
  97  16:46  Barracks  
  103  16:48  Starport  
  103  16:49  SCV  
  103  16:50  SCV  
  103  17:11  Liberator x2  
  103  17:15  Marine x2  
  103  17:16  Marine x2  
  103  17:17  Marine x2  
  103  17:21  Personal Cloaking, Starport  
  103  17:22  Nuke  
  109  17:25  Terran Infantry Armor Level 3, Terran Infantry Weapons Level 3  
  109  17:28  Planetary Fortress  
  117  17:39  Marine x4  
  117  17:40  Marine x2  
  125  17:54  Liberator x2  
  125  17:57  Marine x2  
  127  18:00  SCV x2  
  127  18:04  Starport Reactor, Starport Tech Lab  
  127  18:05  Unknown  
  129  18:06  Unknown  
  129  18:12  SCV x2  
  137  18:13  SCV  
  138  18:21  Marine x2  
  138  18:24  Barracks Tech Lab, SCV  
  138  18:25  Refinery  
  142  18:28  Refinery  
  142  18:49  SCV x2  
  142  18:54  Unknown x2  
  148  18:59  Marine x3  
  148  19:00  Marine x4  
  155  19:05  Supply Depot x2  
  155  19:07  Supply Depot  
  155  19:10  Nuke  
  155  19:17  Marine x3  
  155  19:22  Unknown  
  155  19:23  Unknown  
  160  19:39  Marine x3  
  160  19:40  Marauder  
  165  19:51  Unknown  
  167  20:06  Marine  
  167  20:07  Marauder, Marine x2  
  172  20:20  Unknown  
  53  21:06  Marine x4  
  53  21:10  Marauder, Marine x4  
  53  21:11  Liberator x2  
  61  21:28  Marauder  
  61  21:29  Command Center  
  61  21:32  Fusion Core  
  66  21:40  SCV  
  66  21:41  SCV  
  68  21:47  Marauder, Marine  
  68  21:48  Marine x6  
  68  21:50  Marauder  
  79  21:56  Command Center  
  79  21:57  Factory Reactor  
  79  21:59  SCV x2  
  81  22:03  Nuke  
  81  22:04  Nuke  
  81  22:05  Marine x2  
  83  22:09  Marauder  
  85  22:18  Marine  
  85  22:19  Marauder, Marine x3  
  85  22:20  Marauder  
  93  22:23  Marine  
  98  23:16  SCV x2  
  98  23:17  SCV  
  101  23:23  Unknown  
  101  23:24  Unknown, Advanced Ballistics  
  101  23:28  SCV  
  101  23:29  SCV  
  101  24:24  Marine x3  
  101  24:25  Marauder x2, Marine x4  
  112  24:42  Marine x5  
  112  24:43  Marauder  
  110  25:11  Marine x2  
  110  25:12  Marauder  
Show
View Real Time Build Order
Export as new Build Order

tbobaggins Zerg - Winner!

Build Orders: Hatch First, Muta Ling Bane 

Get SALT Encoding   

  12  0:01  Drone  
  13  0:13  Overlord  
  13  0:24  Drone  
  14  0:31  Drone x2  
  16  0:40  Drone  
  17  0:58  Hatchery  
  17  1:01  Drone  
  17  1:02  Drone  
  18  1:19  Spawning Pool, Drone  
  18  1:25  Drone  
  18  1:26  Extractor  
  18  1:34  Drone  
  19  1:45  Drone  
  20  1:51  Overlord  
  21  2:08  Zergling x2  
  21  2:09  Queen  
  21  2:14  Zergling x4  
  21  2:15  Queen  
  27  2:49  Drone x2  
  27  2:50  Queen  
  30  3:01  Metabolic Boost  
  30  3:02  Drone x3  
  30  3:03  Drone x2  
  35  3:07  Extractor  
  34  3:23  Overlord, Drone x2  
  34  3:24  Overlord x2  
  36  3:32  Baneling Nest  
  35  3:47  Drone x2  
  37  3:51  Hatchery  
  36  3:59  Drone x3  
  36  4:00  Drone  
  40  4:15  Spine Crawler  
  39  4:22  Overlord  
  39  4:23  Overlord x2  
  39  4:34  Drone x4  
  39  4:35  Drone x2  
  45  4:45  Drone x2  
  47  4:48  Extractor  
  47  4:49  Lair  
  46  5:00  Queen  
  46  5:02  Drone x2  
  46  5:03  Drone x2  
  52  5:18  Drone x6  
  58  5:23  Drone  
  58  5:24  Drone x2  
  61  5:34  Spore Crawler, Extractor  
  59  5:35  Queen  
  59  5:36  Spore Crawler  
  59  5:39  Evolution Chamber  
  59  5:41  Overlord x2  
  59  5:53  Zergling x8  
  59  5:54  Zergling x6  
  64  6:22  Hydralisk Den, Drone x3  
  64  6:24  Zerg Melee Weapons Level 1  
  66  6:44  Drone x5  
  66  6:45  Zergling x4, Drone  
  66  6:46  Zergling x6  
  71  7:00  Hydralisk  
  71  7:01  Hydralisk x8, Grooved Spines  
  73  7:04  Centrifical Hooks  
  89  7:09  Drone  
  90  7:49  Baneling x6  
  90  8:02  Spire  
  89  8:12  Muscular Augments  
  89  8:18  Zerg Ground Armor Level 1  
  89  8:23  Overlord  
  89  8:24  Overlord x6  
  89  8:41  Queen  
  91  8:50  Zergling x2  
  91  8:51  Zergling x38  
  91  8:54  Overlord x3  
  111  8:55  Nydus Network  
  109  9:11  Hatchery  
  108  9:18  Infestation Pit, Zerg Flyer Weapons Level 1  
  108  9:19  Mutalisk  
  108  9:20  Mutalisk x2  
  113  9:28  Extractor  
  113  9:29  Extractor  
  110  9:46  Mutalisk x2  
  114  9:58  Mutalisk  
  95  10:07  Zergling x24  
  107  10:18  Spine Crawler  
  106  10:26  Drone x4  
  106  10:27  Drone x4  
  114  10:33  Overlord  
  114  10:34  Overlord  
  114  10:57  Drone x4  
  114  10:58  Drone  
  119  11:10  Mutalisk x5  
  129  11:15  Hive  
  129  11:16  Zerg Flyer Armor Level 1  
  129  11:21  Overlord x6, Zergling x2  
  130  11:28  Drone x3  
  130  11:29  Spore Crawler  
  130  11:32  Spine Crawler, Drone x5  
  134  11:57  Hydralisk x11  
  134  11:58  Hydralisk  
  158  12:18  Drone x2  
  158  12:19  Drone x9  
  169  12:38  Ultralisk Cavern  
  141  13:18  Zergling x2  
  141  13:19  Zergling x34  
  133  13:43  Zergling x6  
  133  13:44  Zergling x8  
  133  13:45  Baneling  
  133  13:46  Baneling x17  
  133  13:47  Baneling x10  
  124  13:57  Ultralisk  
  124  13:58  Ultralisk  
  124  14:01  Zerg Melee Weapons Level 2  
  135  14:30  Hydralisk  
  135  14:31  Hatchery, Hydralisk x6  
  132  15:00  Ultralisk  
  117  15:34  Zergling x2  
  117  15:35  Zergling x14  
  95  15:39  Chitinous Plating  
  92  16:01  Hatchery  
  92  16:03  Drone x3  
  94  16:06  Greater Spire  
  94  16:08  Baneling x3  
  94  16:09  Baneling x6, Hydralisk  
  94  16:10  Hydralisk  
  98  16:42  Hydralisk  
  98  16:43  Hydralisk x4  
  108  16:50  Extractor, Queen  
  108  16:51  Extractor  
  108  16:53  Extractor, Drone x3  
  110  16:55  Extractor  
  109  17:06  Extractor  
  109  17:08  Extractor  
  107  17:19  Zerg Ground Armor Level 2  
  107  17:24  Zergling x14  
  107  17:25  Zergling x8  
  118  17:54  Zergling x2  
  118  17:55  Zergling x28  
  118  17:57  Adrenal Glands  
  129  18:38  Ultralisk x7  
  129  18:39  Ultralisk  
  177  18:46  Zergling x4  
  177  18:47  Zergling x32  
  195  18:51  Baneling  
  195  18:52  Baneling x8  
  195  19:05  Queen  
  197  19:24  Hydralisk  
  199  19:32  Nydus Canal  
  199  19:35  Overseer x2, Zerg Melee Weapons Level 3  
  88  20:45  Zergling x2  
  88  20:46  Zergling x38  
  90  21:16  Zergling x24  
  94  21:41  Baneling  
  94  21:42  Baneling x7  
  94  21:43  Baneling x2, Hydralisk x13  
  94  21:44  Hatchery  
  119  22:12  Zerg Missile Weapons Level 1  
  118  22:39  Overseer x2  
  118  22:50  Hydralisk  
  118  22:51  Hydralisk x18  
  156  23:39  Corruptor x9  
  156  23:40  Corruptor x9  
  192  24:16  Baneling x2  
  192  24:17  Baneling x6  
  192  24:18  Baneling  
  192  24:23  Overseer  
Tags
 
Add a new tag
Caveats
  • Supply blocks, unpowered buildings, or Contaminate may cause inaccurate times.
  • Supply counts are checked every 10 seconds.